 Dungeon Crawl Stone Soup version 0.29.0-15-g675c0067aa (webtiles) character file.

Game seed: 11617892593027181331

20 qw the Sneak (level 2, 0/19 HPs)
             Began as a Gargoyle Delver on Sept 11, 2022.
             Slain by an orc wizard
             ... wielding a +0 dagger
              (3 damage)
             ... on level 4 of the Dungeon.
             The game lasted 00:00:17 (727 turns).

qw the Sneak (Gargoyle Delver)                       Turns: 727, Time: 00:00:18

Health: 0/19       AC:  5    Str: 15    XL:     2   Next: 79%
Magic:  2/2        EV: 11    Int: 10    God:
Gold:   25         SH:  0    Dex: 11    Spells: 1/1 levels left

rFire   . . .      SeeInvis .   Y - +0 hand axe
rCold   . . .      Faith    .   (no shield)
rNeg    + . .      Spirit   .   b - +0 leather armour
rPois   inf        Reflect  .   (no helmet)
rElec   +          Harm     .   (no cloak)
rCorr   .          Rampage  .   (no gloves)
Will    .....                   (no boots)
Stlth   +++.......              (no amulet)
HPRegen 0.06/turn               (no ring)
MPRegen 0.08/turn               (no ring)

@: no status effects
A: sickness immunity, AC +2, negative energy resistance 1, electricity
resistance, torment resistance 1, petrification resistance
a: no special abilities


You were on level 4 of the Dungeon.
You visited 2 branches of the dungeon, and saw 3 of its levels.

You collected 25 gold pieces.


Innate Abilities, Weirdness & Mutations

You are immune to sickness and miasma.
Your stone body is resilient. (AC +2)
You are immune to poison.
You resist negative energy. (rN+)
You are resistant to electric shocks. (rElec)
You are resistant to unholy torment.
You are immune to petrification.


   Skills:
 - Level 3.2 Fighting
 + Level 2.9 Axes
 - Level 1.5 Dodging
 - Level 5.4 Stealth


You had one spell level left.
You didn't know any spells.
Your spell library was empty.

Inventory:

Hand Weapons
 i - a +0 mace
 Y - a +0 hand axe (weapon)
Armour
 b - a +0 leather armour (worn)
 c - a +2 helmet
Wands
 g - a wand of digging (3)
Scrolls
 h - a scroll of poison {unknown}
Potions
 a - a potion of heal wounds {unknown}
 d - a potion of curing {unknown}
 e - a potion of degeneration {unknown}
 f - a potion of haste

Dungeon Overview and Level Annotations

Branches:
Dungeon (5/15)             Temple (1/1) D:4

Altars:
Cheibriados
Fedhas
Kikubaaqudgha
Makhleb
Qazlal
Vehumet
Yredelemnul
The Shining One


Message History

A dart slug is nearby!
You hit the dart slug.
The dart slug is moderately wounded.
The dart slug bites you.
You hit the dart slug but do no damage.
The dart slug is moderately wounded.
The dart slug launches a dart at you. The slug dart hits you.
You hit the dart slug.
The dart slug is heavily wounded.
The dart slug barely misses you.
You hit the dart slug.
The dart slug is heavily wounded.
The dart slug launches a dart at you. The slug dart misses you.
You hit the dart slug.
The dart slug is severely wounded.
You hit the dart slug.
You kill the dart slug!
You start resting.
HP restored.
An orc and 2 orc wizards come into view.
Found 17 gold pieces.
The orc wizard shouts! x2
The orc wizard gestures at you while chanting.
The puff of flame hits you!
Ouch! That really hurt!
The orc shouts!
You hit the orc wizard.
The orc wizard is moderately wounded.
You hit the orc wizard but do no damage.
You barely miss the orc wizard.
The orc wizard hits you but does no damage. x2
The orc wizard hits you with a +0 dagger.
You hit the orc wizard but do no damage.
The orc wizard is moderately wounded.
You hit the orc. You closely miss the orc wizard. You hit the orc wizard.
The orc hits you with a +0 short sword.
The orc wizard hits you with a +0 dagger.
You die...

#..# ###..# ....#
#...## #...# ##[####
#...# #.....# #...#
#.....#####...######
#.........#.........
#.........#..o......
#...........@o......
............#.oo......
....#####....#.........
..## #....#......$.. .#
#.....#.........
#.....#.########
...#####.# #### #.#


You could see 3 orc wizards and an orc.

Vanquished Creatures
  An adder (D:4)
  2 dart slugs (D:4)
  An orc (D:4)
  A giant cockroach (D:4)
  A hobgoblin (D:4)
  A ball python (D:4)
7 creatures vanquished.

Notes
Turn   | Place    | Note
-------+----------+-------------------------------------------
     0 | D:5      | qw the Gargoyle Delver began the quest for the Orb.
     0 | D:5      | Reached XP level 1. HP: 14/14 MP: 1/1
     0 | D:5      | 0 ||| qw: Version: 0.1-a-118-gb4e7ce6
     0 | D:5      | 0 ||| qw: Game counter: 10557
     0 | D:5      | 0 ||| qw: Always use a shield: true
     0 | D:5      | 0 ||| qw: God list: Okawaru
     0 | D:5      | 0 ||| qw: Allow faded altars: false
     0 | D:5      | 0 ||| qw: Do Orc after D:15 true
     0 | D:5      | 0 ||| qw: Do second Lair branch before Depths: true
     0 | D:5      | 0 ||| qw: Lair rune preference: random
     0 | D:5      | 0 ||| qw: Plans: Normal
     0 | D:5      | 0 ||| PLANNING D:1-11
     0 | D:5      | 0 ||| DROPPING scroll of fog.
     1 | D:5      | 1 ||| DROPPING scroll of magic mapping.
     2 | D:5      | 2 ||| DROPPING scroll of fear.
   208 | D:4      | Found a staircase to the Ecumenical Temple.
   209 | D:4      | 209 ||| PLANNING TEMPLE
   209 | D:4      | 209 ||| READING scroll labelled ZISOTU WAGU.
   225 | Temple   | Entered the Ecumenical Temple
   225 | Temple   | Found a transporter.
   225 | Temple   | Found a transporter.
   227 | Temple   | Found a transporter.
   227 | Temple   | Found a transporter.
   237 | Temple   | 237 ||| PLANNING D:1-11
   421 | D:4      | Noticed a hound
   423 | D:4      | 423 ||| Stepping ~*~*~tactically~*~*~ (stealth).
   432 | D:4      | Found a blossoming altar of Fedhas.
   441 | D:4      | Reached XP level 2. HP: 16/19 MP: 2/2
   444 | D:4      | 444 ||| Stepping ~*~*~tactically~*~*~ (stealth).
   522 | D:4      | 522 ||| Stepping ~*~*~tactically~*~*~ (hiding).
   523 | D:4      | 523 ||| Stepping ~*~*~tactically~*~*~ (hiding).
   625 | D:4      | 625 ||| Stepping ~*~*~tactically~*~*~ (hiding).
   727 | D:4      | HP: 3/19 [orc/+0 short sword (4)]
   727 | D:4      | Slain by an orc wizard

Levels and vault maps discovered:
D:4:      kennysheep_slugbush, layout_basic,
          mainiacjoe_overflow_six_doors_small, nicolae_overflow_crystal_walls,
          minmay_temple_entry_stoned_glass
D:5:      cheibrodos_helix_gallery, layout_loops_ring, lemuel_doored_altar,
          lemuel_crystal_altar, uniq_duvessa, uniq_menkaure
Temple:   hellmonk_temple_divided_pantheon

Skill      XL: |  1 |
---------------+----+-----
Axes           | 2 |  2.9
Fighting       | |  3.2
Dodging        | |  1.5
Stealth        | |  5.4

Action                   || total
-------------------------++-------
Melee: Hand axe          ||    33
  Use: Scroll            ||     1
Armor: Leather armour    ||    14
Dodge: Dodged            ||    16

Table legend:
 A = Non-vault XP
 B = Vault XP
 C = Vault XP percentage of total XP
 D = Non-vault monster count
 E = Vault monster count
 F = Vault count percentage of total count
                 A         B        C        D         E       F
            +---------+---------+-------+---------+---------+-------
      Total |      29 |       0 |   0.0 |       7 |       0 |   0.0
            +---------+---------+-------+---------+---------+-------
        D:4 |      29 |       0 |   0.0 |       7 |       0 |   0.0
            +---------+---------+-------+---------+---------+-------
